 Dungeon Crawl Stone Soup version 0.26.1-11-gd32895ea62 (webtiles) character file.

Game seed: 15548572989445046897

121 bnorton916 the Chiller (level 4, -3/24 HPs)
             Began as a Deep Elf Ice Elementalist on July 6, 2021.
             Killed by nerve-wracking pain
             ... invoked by a shadow imp
              (12 damage)
             ... on level 3 of the Dungeon.
             The game lasted 00:06:03 (3310 turns).

bnorton916 the Chiller (Deep Elf Ice Elementalist)  Turns: 3310, Time: 00:06:04

Health: -3/24      AC:  3    Str:  5    XL:     4   Next: 76%
Magic:  1/12       EV: 14    Int: 21    God:
Gold:   76         SH:  0    Dex: 15    Spells: 5/12 levels left

rFire    . . .     SeeInvis .   (no weapon)
rCold    . . .     Faith    .   (no shield)
rNeg     . . .     Spirit   .   a - +0 robe
rPois    .         Reflect  .   l - +0 helmet (curse)
rElec    .         Harm     .   (no cloak)
rCorr    .         Rampage  .   (no gloves)
Will     .....                  (no boots)
Stlth    ++........             (no amulet)
HPRegen  0.08/turn              g - ring of wizardry
MPRegen  0.13/turn              (no ring)

@: no status effects
A: no striking features
a: no special abilities


You were on level 3 of the Dungeon.
You visited 1 branch of the dungeon, and saw 3 of its levels.

You collected 76 gold pieces.

Inventory:

Armour
 a - a +0 robe (worn)
 j - a +0 ring mail of cold resistance
 l - a cursed +0 helmet (worn)
 r - a +0 leather armour of poison resistance
Jewellery
 g - a ring of wizardry (left hand)
Scrolls
 c - 2 scrolls of identify {unknown}
 d - a scroll of remove curse {unknown}
 k - 3 scrolls of fog {unknown}
 n - a scroll of immolation {unknown}
 o - a scroll of random uselessness {unknown}
 q - a scroll of teleportation {unknown}
Potions
 b - a potion of heal wounds {unknown}
 e - a potion of berserk rage {unknown}
 f - 2 potions of lignification {unknown}
 h - a potion of flight {unknown}
 i - a potion of degeneration {unknown}
 m - a potion of magic {unknown}
 p - a potion of curing {unknown}


   Skills:
 + Level 4.0 Dodging
 - Level 2.4 Stealth
 + Level 4.6 Spellcasting
 + Level 5.3 Ice Magic


You had 5 spell levels left.
You knew the following spells:

 Your Spells              Type           Power        Failure   Level
a - Freeze                Ice            100%         1%          1
b - Frozen Ramparts       Ice            54%          1%          3
c - Ozocubu's Armour      Ice            27%          1%          3

Your spell library contained the following spells:

 Spells                   Type           Power        Failure   Level
 Hailstorm                Conj/Ice       16%          16%         4
 Summon Ice Beast         Ice/Summ       16%          16%         4


Dungeon Overview and Level Annotations

Branches:
Dungeon (3/15)

Altars:


Message History

The shadow imp laughs crazily.
Casting: Freeze (safe; 1% risk of failure)
Confirm with . or Enter, or press ? or * to list all spells.
Aiming: Freeze (safe; 1% risk of failure)
Press: ? - help, Shift-Dir - straight line, f/p - shadow imp
Aim: a shadow imp (almost dead)
The shadow imp resists.
You freeze the shadow imp.
The shadow imp is almost dead.
The shadow imp closely misses you.
Casting: Freeze (safe; 1% risk of failure)
Confirm with . or Enter, or press ? or * to list all spells.
Aiming: Freeze (safe; 1% risk of failure)
Press: ? - help, Shift-Dir - straight line, f/p - shadow imp
Aim: a shadow imp (almost dead)
The shadow imp completely resists.
You freeze the shadow imp but do no damage.
The shadow imp gestures at you. Pain shoots through your body!
Ouch! That really hurt!
You die...

####### #.....# ######
###.###.# #....# #.....#.#
#.##.# #.#.#.#@#
#.##.#####.#.#.#5########
#.##.#.......#.#.........
#.##.#.......#.#.########
#.##...#.#####.#.#########.
#.#####........#>..........
#.#
##....####.##'##########
#.# ##.#.# #.#...........#
#.#######.#.#
###...........#


You could see a shadow imp.

Vanquished Creatures
  An orc wizard (D:3)
  3 adders
  An ooze (D:2)
  A worm (D:2)
  3 dart slugs
  2 leopard geckos
  4 orcs (D:3)
  3 bats
  A giant cockroach (D:1)
  2 goblins (D:1)
  7 hobgoblins
  4 jackals (D:3)
  7 kobolds
  2 quokkas (D:3)
  A frilled lizard (D:1)
  4 rats
46 creatures vanquished.

Notes
Turn   | Place    | Note
-------+----------+-------------------------------------------
     0 | D:1      | bnorton916 the Deep Elf Ice Elementalist began the quest
                  | for the Orb.
     0 | D:1      | Reached XP level 1. HP: 10/10 MP: 6/6
   381 | D:1      | Reached XP level 2. HP: 8/15 MP: 6/8
  1332 | D:2      | Reached XP level 3. HP: 19/19 MP: 7/10
  2262 | D:2      | Reached skill level 5 in Ice Magic
  2676 | D:3      | Reached XP level 4. HP: 22/24 MP: 9/12
  2680 | D:3      | Learned a level 3 spell: Frozen Ramparts
  2684 | D:3      | Learned a level 3 spell: Ozocubu's Armour
  3310 | D:3      | Killed from afar by a shadow imp

Illustrated notes

Levels and vault maps discovered:
D:1:      minmay_arrival_open_corners, layout_loops_ring, minivault_26,
          chequers_serial_rivers_room_b
D:2:      layout_loops_cross, palyth_stone_intersect
D:3:      layout_basic

Skill      XL: |  1  2  3  4 |
---------------+-------------+-----
Dodging        | 3 4 |  4.0
Spellcasting   | 4 |  4.6
Ice Magic      | 5 |  5.3
Stealth        | |  2.4

Action                   |  1- 3 |  4- 6 || total
-------------------------+-------+-------++-------
Melee: Unarmed           |     6 |     2 ||     8
 Cast: Freeze            |    52 |    31 ||    83
       Frozen Ramparts   |       |     1 ||     1
Armor: Robe              |     4 |     3 ||     7
Dodge: Dodged            |    26 |    20 ||    46
